 Dungeon Crawl Stone Soup version 0.31-a0-167-g1c394c0614 (webtiles) character file.

Game seed: 12388300225738801227

1251 senseless the Magician (level 8, -3/69 HPs)
             Began as a Purple Draconian Transmuter on June 14, 2023.
             Slain by a two-headed ogre
             ... wielding a +0 giant club
              (15 damage)
             ... on level 6 of the Dungeon.
             The game lasted 00:19:41 (5014 turns).

senseless the Magician (DrTm)                       Turns: 5014, Time: 00:19:41

Health: -3/69      AC: 11    Str: 12    XL:     8   Next: 26%
Magic:  13/15      EV: 15    Int: 14    God:
Gold:   1223       SH:  2    Dex: 14    Spells: 9/17 levels left

rFire   + .          .
                       - Unarmed
rCold   . . .        (no shield)
rNeg    + . .        (body armour unavailable)
rPois   .            (helmet currently unavailable)
rElec   .            n - +2 cloak {rCorr}
rCorr   +            (no gloves)
SInv    .            b - melded +2 pair of boots of Unambiguity {Fly rF- Dex+6}
Will    +....        (no amulet)
Stlth   +            y - ring of protection from fire
HPRegen 0.31/turn    z - ring of the Octopus King {rN+ HP+2 AC+2 EV+2 SH+2}
MPRegen 0.14/turn

%: no passive effects
@: appendages, wereblooded
A: horns 2, talons 2, breathe power, AC +6, unfitting armour, cold-blooded
a: Breathe Dispelling Energy, End Transformation


You were on level 6 of the Dungeon.
You had temporarily grown beastly horns and talons.
You visited 1 branch of the dungeon, and saw 6 of its levels.

You collected 1223 gold pieces.

Inventory:

Hand Weapons
 m - a +4 quarterstaff of chaos
 A - a +1 triple sword
Missiles
 h - 6 javelins
Armour
 b - the +2 pair of boots of Unambiguity (melded) {Fly rF- Dex+6}
   (You acquired it on level 4 of the Dungeon)

   Dex:       It affects your dexterity (+6).
   rF:        It makes you vulnerable to fire.
   Fly:       It grants you flight.
 j - a +0 buckler
 n - a +2 cloak of preservation (worn)
 o - a +0 tower shield
Jewellery
 f - a ring of protection from fire
 y - a ring of protection from fire (left hand)
 z - a ring of the Octopus King (right hand) {rN+ HP+2 AC+2 EV+2 SH+2}
   (You found it on level 4 of the Dungeon)

   [ring of positive energy]

   AC:        It affects your AC (+2).
   EV:        It affects your evasion (+2).
   rN:        It protects you from negative energy.
   HP:        It affects your health (+2).
   SH:        It affects your SH (+2).
Wands
 g - a wand of digging (7)
 l - a wand of flame (10)
 w - a wand of charming (8)
 B - a wand of polymorph (13)
Scrolls
 c - a scroll of teleportation
 e - a scroll of identify
 i - a scroll of fog
Potions
 a - a potion of lignification
 d - a potion of enlightenment
 k - 4 potions of berserk rage
 q - 3 potions of curing
 r - a potion of magic
 t - a potion of mutation


   Skills:
 + Level 4.6 Fighting
 + Level 4.1 Dodging
 + Level 5.0 Unarmed Combat
 + Level 5.1 Spellcasting
 + Level 4.4 Transmutations
 + Level 3.3 Fire Magic


You had 9 spell levels left.
You knew the following spells:

 Your Spells              Type           Power      Damage    Failure   Level
a - Beastly Appendage     Tmut           32%        N/A       2%          1
b - Wereblood             Tmut           16%        N/A       4%          2
c - Spider Form           Tmut/Pois      9%         N/A       21%         3
d - Scorch                Fire           24%        2d6       7%          2

Your spell library contained the following spells:

 Spells                   Type           Power      Damage    Failure   Level
 Necrotise                Necr           12%        1d4       17%         1
 Vampiric Draining        Necr           3%         2d6       45%         3
 Ice Form                 Ice/Tmut       9%         N/A       56%         4
 Flame Wave               Conj/Fire      8%         2d5       65%         4
 Agony                    Necr           3%         N/A       99%         5
 Simulacrum               Ice/Necr       1%         N/A       100%        6
 Summon Cactus Giant      Summ           1%         N/A       100%        6
 Ozocubu's Refrigeration  Ice            1%         4d7       100%        7
 Polar Vortex             Ice            1%         N/A       100%        9


Dungeon Overview and Level Annotations

Branches:
Dungeon (6/15)
 Temple: D:4-7

Altars:
Okawaru
Yredelemnul


Innate Abilities, Weirdness & Mutations

You have temporarily grown beastly horns and talons.
You can breathe bolts of dispelling energy.
Your rich purple scales are hard. (AC +6)
You cannot fit into any form of body armour.
You are cold-blooded and may be slowed by cold attacks.


Message History

You hit the two-headed ogre.
Your headbutt misses the two-headed ogre.
The two-headed ogre is lightly wounded.
The two-headed ogre hits you with a +0 giant club!!
The two-headed ogre closely misses you.
You hit the two-headed ogre. You tail-slap the two-headed ogre.
The two-headed ogre is lightly wounded.
You hit the two-headed ogre. Your kick misses the two-headed ogre.
Your tail-slap misses the two-headed ogre.
The two-headed ogre is lightly wounded.
The two-headed ogre hits you with a +0 giant club!
The two-headed ogre misses you.
You are too injured to fight recklessly!
You are too injured to fight recklessly!
You are too injured to fight recklessly!
You hit the two-headed ogre but do no damage.
Your kick misses the two-headed ogre. You headbutt the two-headed ogre.
You tail-slap the two-headed ogre.
The two-headed ogre is moderately wounded.
You block the two-headed ogre's attack. The two-headed ogre barely misses you.
You hit the two-headed ogre but do no damage.
The two-headed ogre is moderately wounded.
You hit the two-headed ogre.
Your tail-slap misses the two-headed ogre.
The two-headed ogre is moderately wounded.
The two-headed ogre barely misses you. x2
You hit the two-headed ogre. You headbutt the two-headed ogre.
The two-headed ogre is heavily wounded.
You barely miss the two-headed ogre. You claw the two-headed ogre.
You headbutt the two-headed ogre, but do no damage.
Your tail-slap misses the two-headed ogre.
The two-headed ogre is heavily wounded.
The two-headed ogre closely misses you.
The two-headed ogre hits you with a +0 giant club!!
* * * LOW HITPOINT WARNING * * *
You punch the two-headed ogre! You headbutt the two-headed ogre.
You tail-slap the two-headed ogre.
The two-headed ogre is severely wounded.
The two-headed ogre hits you with a +0 giant club!
You die...

#?..............#...
#...............#
#...............###
#.................#
#.................#
#.................+
#.................#
###########.......#
.......@.......#
......O#.......#
...$...#.......#
########.......#
...............#
##+###.........#
#.........#
#.........#
#.........#


You could see a two-headed ogre.

Vanquished Creatures
  Eustachio (D:5)
  Menkaure (D:6)
  Duvessa (D:4)
  A sky beast (D:6)
  An ogre (D:4)
  A phantom (D:5)
  A scorpion (D:4)
  Dowan (D:4)
  4 hounds
  A jelly (D:5)
  Crazy Yiuf (D:5)
  Natasha (thrice) (D:3)
  4 orc wizards (D:5)
  Robin (D:3)
  11 adders
  3 white imps
  A worm (D:2)
  3 dart slugs
  9 orcs
  4 ball pythons
  7 endoplasms
  9 giant cockroaches
  12 goblins
  11 hobgoblins
  8 jackals
  4 kobolds
  5 quokkas
  4 bats
  3 frilled lizards
  7 rats
123 creatures vanquished.

Notes
Turn   | Place    | Note
-------+----------+-------------------------------------------
     0 | D:1      | senseless the Draconian Transmuter began the quest for the
                  | Orb.
     0 | D:1      | Reached XP level 1. HP: 16/16 MP: 3/3
   143 | D:1      | Reached XP level 2. HP: 23/23 MP: 3/5
   151 | D:1      | Learned a level 2 spell: Wereblood
   723 | D:2      | Reached XP level 3. HP: 29/29 MP: 4/6
  1170 | D:2      | Learned a level 3 spell: Spider Form
  1171 | D:3      | Noticed Natasha
  1183 | D:3      | Killed Natasha
  1184 | D:3      | Reached XP level 4. HP: 24/36 MP: 5/7
  1371 | D:3      | Learned a level 2 spell: Scorch
  1390 | D:3      | Noticed Natasha
  1396 | D:3      | Killed Natasha
  1481 | D:3      | Noticed Robin
  1493 | D:3      | Killed Robin
  1496 | D:3      | Reached XP level 5. HP: 42/42 MP: 6/9
  2135 | D:3      | Noticed Natasha
  2142 | D:3      | Killed Natasha
  2143 | D:3      | Reached skill level 1 in Fire Magic
  2549 | D:4      | Noticed an ogre
  2561 | D:4      | Reached XP level 6. HP: 51/51 MP: 7/10
  3111 | D:4      | Found the ring of the Octopus King
  3119 | D:4      | Identified a ring of the Octopus King {rN+ HP+2 AC+2 EV+2
                  | SH+2}
  3213 | D:4      | Noticed Dowan
  3215 | D:4      | Noticed Duvessa
  3220 | D:4      | Killed Dowan
  3221 | D:4      | Your scales start taking on a rich purple colour.
  3221 | D:4      | Reached XP level 7. HP: 57/57 MP: 9/13
  3227 | D:4      | Killed Duvessa
  3900 | D:4      | Identified 2 scrolls of acquirement
  3900 | D:4      | Acquired the +2 pair of boots of Unambiguity {Fly rF-
                  | Dex+6}
  3911 | D:4      | Acquired 988 gold pieces
  3932 | D:5      | Entered Level 5 of the Dungeon
  4057 | D:5      | Found an iron altar of Okawaru.
  4131 | D:5      | Found a basalt altar of Yredelemnul.
  4140 | D:5      | Noticed Eustachio
  4200 | D:5      | Killed Eustachio
  4201 | D:5      | Reached XP level 8. HP: 33/66 MP: 12/15
  4482 | D:5      | Found a runed translucent door.
  4483 | D:5      | Noticed Crazy Yiuf
  4816 | D:5      | Killed Crazy Yiuf
  4857 | D:6      | Noticed Menkaure
  4868 | D:6      | Killed Menkaure
  4869 | D:6      | Reached skill level 5 in Unarmed Combat
  4869 | D:6      | Reached skill level 5 in Spellcasting
  5002 | D:6      | Noticed a two-headed ogre
  5014 | D:6      | Slain by a two-headed ogre

Illustrated notes

Levels and vault maps discovered:
D:1:      lightli_molten_gateway, layout_rooms
D:2:      layout_rooms
D:3:      layout_basic, chequers_mini_garden, uniq_robin, uniq_natasha
D:4:      layout_basic, uniq_duvessa
D:5:      layout_basic, mainiacjoe_overflow_paths, general_overflow_altar,
          nicolae_figureground_pulse, uniq_crazy_yiuf_cottage, uniq_eustachio
D:6:      layout_gridville, kennysheep_little_box, uniq_menkaure, uniq_sigmund,
          uniq_grinder

Skill      XL: |  1  2  3  4  5  6  7  8 |
---------------+-------------------------+-----
Dodging        | 2 3 4 |  4.1
Fighting       | 2 3 4 |  4.6
Transmutations | 3 4 |  4.4
Fire Magic     | 1 2 3 |  3.3
Spellcasting   | 3 4 5 |  5.1
Unarmed Combat | 4 5 |  5.0

Action                     |  1- 3 |  4- 6 |  7- 9 || total
---------------------------+-------+-------+-------++-------
  Melee: Unarmed           |    90 |   170 |   143 ||   403
         Headbutt          |    16 |    23 |    27 ||    66
         Kick              |    15 |    43 |    36 ||    94
         Tailslap          |     8 |    17 |    22 ||    47
         Punch             |     1 |     8 |     9 ||    18
   Cast: Beastly Appendage |    27 |    28 |    16 ||    71
         Wereblood         |       |    23 |    14 ||    37
         Scorch            |       |     3 |     2 ||     5
Ability: Breathe Dispellin |       |       |     1 ||     1
    Use: Scroll            |       |       |    17 ||    17
         Potion            |       |       |     2 ||     2
   Stab: Sleeping          |     2 |     2 |       ||     4
 Armour: Skin              |    31 |    53 |    88 ||   172
  Dodge: Dodged            |    44 |   102 |   190 ||   336
  Block: Other             |       |     1 |    19 ||    20

Table legend: (Time is in decaauts)
 A = Elapsed time spent in this place.
 B = Non-inter-level travel time spent in this place.
 C = Inter-level travel time spent in this place.
 D = Time resting spent in this place.
 E = Time spent auto-exploring this place.
 F = Levels seen in this place.
 G = Mean time per level.
                   A        B        C        D        E       F      G
               +--------+--------+--------+--------+--------+-----+--------+
         Total |   4968 |   4789 |    179 |    186 |   3681 |   6 |  828.0 |
       Dungeon |   4968 |   4789 |    179 |    186 |   3681 |   6 |  828.0 |
               +--------+--------+--------+--------+--------+-----+--------+

Top non-repeatable levels by time:
     D:4: 1625 daAuts
     D:3: 1124 daAuts
     D:5: 894 daAuts
     D:1: 706 daAuts
     D:2: 463 daAuts
     D:6: 154 daAuts
